 Dungeon Crawl Stone Soup version 0.19.3-1-g3169bf9 (console) character file.

15123 Kloppie the Cleaver (level 12, -6/145 HPs)
             Began as a Formicid Fighter on Jan 25, 2017.
             Was a High Priest of Okawaru.
             Mangled by an eight-headed hydra (8 damage)
             ... on level 1 of the Lair of Beasts.
             The game lasted 00:19:59 (9647 turns).

Kloppie the Cleaver (Formicid Fighter)              Turns: 9647, Time: 00:19:59

Health: -6/145     AC: 26    Str: 22    XL:     12   Next: 53%
Magic:  10/12      EV:  2    Int:  8    God:    Okawaru [*****.]
Gold:   609        SH: 14    Dex: 16    Spells: 0 memorised, 11 levels left

rFire  . . .     SeeInvis .     b - +0 flail "Earthworm" {crush, Dex+2}
rCold  + . .     Gourm    .     (armour currently unavailable)
rNeg   + + +     Faith    .     c - +0 shield
rPois  +         Spirit   .     (helmet unavailable)
rElec  .         Reflect  .     (cloak currently unavailable)
rCorr  .         Harm     .     (gloves currently unavailable)
MR     ++...     Clarity  +     (boots currently unavailable)
Stlth  +++.......               d - amulet of regeneration
                                w - +3 ring of evasion
                                T - ring of protection from cold

@: tree-form, heroism, studying Translocations, drained
A: permanent stasis, dig shafts and tunnels, four strong arms, (antennae 0),
clarity, magic resistance 1
a: Heroism, Finesse, Renounce Religion


You were on level 1 of the Lair of Beasts.
You worshipped Okawaru.
Okawaru was extremely pleased with you.
You were not hungry.
You were a tree.
You visited 2 branches of the dungeon, and saw 12 of its levels.
You also visited: Labyrinth.

You collected 609 gold pieces.

Inventory:

Hand Weapons
 a - a +1 battleaxe of electrocution
 b - the +0 flail "Earthworm" (weapon) {crush, Dex+2}
   (You found it on level 6 of the Dungeon)

   It inflicts extra damage upon your enemies.
   It affects your dexterity (+2).
Armour
 c - a +0 shield (worn)
 r - a +2 cloak (melded)
 A - the +0 chain mail "Daazxihiry" (melded) {MR+}
   (You found it on level 8 of the Dungeon)

   It affects your resistance to hostile enchantments.
 I - a +0 large shield
 J - a +2 pair of gloves (melded)
Jewellery
 d - an amulet of regeneration (around neck)
 j - an uncursed ring of ice
 l - an uncursed ring of fire
 n - an uncursed ring of flight
 t - a +1 ring of protection
 w - a +3 ring of evasion (right branch)
 T - a ring of protection from cold (left branch)
Wands
 p - a wand of lightning (8/15)
 u - a wand of heal wounds (4/9)
 F - a wand of digging (21/24)
 M - a wand of disintegration (9/24)
 W - a wand of heal wounds (2/9)
Scrolls
 g - a scroll of amnesia
 x - 7 scrolls of remove curse
 y - 4 scrolls of recharging
 L - 2 scrolls of fear
 P - a scroll of enchant weapon
Potions
 e - 7 potions of curing
 h - a potion of flight
 s - a potion of ambrosia
 B - a potion of resistance
 D - a potion of brilliance
 N - 2 potions of invisibility
 O - 2 potions of might
Books
 m - a book of Beasts

   Spells                             Type                      Level
   a - Summon Butterflies             Summoning                    1
   b - Call Canine Familiar           Summoning                    3
   c - Summon Ice Beast               Ice/Summoning                4
   d - Summon Mana Viper              Hexes/Summoning              5
   e - Summon Hydra                   Summoning                    7
 o - a book of Minor Magic

   Spells                             Type                      Level
   a - Magic Dart                     Conjuration                  1
   b - Blink                          Translocation                2
   c - Call Imp                       Summoning                    2
   d - Repel Missiles                 Charms/Air                   2
   e - Slow                           Hexes                        2
   f - Conjure Flame                  Conjuration/Fire             3
   g - Mephitic Cloud                 Conjuration/Poison/Air       3
 S - a manual of Translocations
Miscellaneous
 i - a sack of spiders
 Z - a box of beasts
Comestibles
 f - 9 bread rations
 k - 3 meat rations
 q - 2 royal jellies
 v - 7 beef jerkies
 C - a chunk of flesh
 E - 11 slices of pizza


   Skills:
 - Level 10.1(14.7) Fighting
 + Level 13.6(18.1) Axes
 + Level 9.7(14.3) Armour
 - Level 9.0(13.6) Shields


You had 11 spell levels left.
You didn't know any spells.

Dungeon Overview and Level Annotations

Branches:
Dungeon (11/15)            Temple (0/1) D:5            Lair (1/6) D:9
    Orc (0/2) D:9

Altars:
Elyvilon
Gozag
Kikubaaqudgha
Nemelex Xobeh
Okawaru
Qazlal
Ru
Sif Muna
Trog
Vehumet
Xom
Yredelemnul
The Shining One

Annotations:
D:5 Edmund


Innate Abilities, Weirdness & Mutations

You are under a permanent stasis effect.
You can dig through walls and to a lower floor.
Your four strong arms can wield two-handed weapons with a shield.
((You have a pair of large antennae on your head. (SInv)))
You possess an exceptional clarity of mind.
You are resistant to hostile enchantments. (MR+)


Message History

You block the eight-headed hydra's attack.
The eight-headed hydra bites you but does no damage.
You block the eight-headed hydra's attack. x2
The eight-headed hydra bites you.
* * * LOW HITPOINT WARNING * * *
The eight-headed hydra barely misses you. x2
The eight-headed hydra bites you but does no damage.
You turn into a tree.
Your +2 cloak melds into your body.
Your +2 pair of gloves melds into your body.
The +0 chain mail "Daazxihiry" {MR+} melds into your body.
Your roots penetrate the ground.
You block the eight-headed hydra's attack.
The eight-headed hydra bites you!
* * * LOW HITPOINT WARNING * * *
The eight-headed hydra bites you.
* * * LOW HITPOINT WARNING * * *
The eight-headed hydra bites you but does no damage.
You block the eight-headed hydra's attack.
The eight-headed hydra bites you!
You die...

........................
.....................
.....................
##.##....###.#####......
#..##.#..#.......#.....#
.....#...#.......# ....#
[....##†.#.......#.....#
..... #..#.......#......
.....##...$....D♣+.....#
.........#.......P.....#
.....P#..#.............#
#######..#.....^.#.....#
####...###P+#+.#.....#
........................
############.####.#.####
### ####


You could see an eight-headed hydra.

Vanquished Creatures
  A minotaur (Lab)
  The ghost of Kloppie the Cleaver, a novice FoBe of Trog (D:8)
  The ghost of Tagedieb the Slicer, a novice KoAs of Uskayaw (D:9)
  The ghost of Jovan the Carver, a novice HuFi (D:6)
  2 hill giants (D:10)
  Pikel (D:5)
  2 centaur zombies (D:10)
  A kobold demonologist (D:10)
  A troll (D:9)
  A hornet (D:9)
  A two-headed ogre (D:10)
  A minotaur skeleton (Lab)
  4 hippogriffs
  A wyvern (D:9)
  16 yaks
  A steam dragon (D:10)
  2 hungry ghosts
  Menkaure (D:5)
  A hornet zombie (D:7)
  A porcupine (Lair:1)
  5 orc warriors
  A sky beast (D:10)
  A slave (D:5)
  4 ice beasts
  4 black bears
  2 phantoms
  An eye of draining (D:11)
  A necrophage (D:11)
  3 wolves (Lair:1)
  5 ogres
  3 centaurs
  2 crocodiles (D:9)
  3 big kobolds
  5 bullfrogs
  A gnoll sergeant (D:6)
  4 scorpions
  16 killer bees
  6 wights
  3 howler monkeys
  6 crimson imps
  2 hounds
  2 bullfrog skeletons
  4 orc priests
  A jelly (D:9)
  5 orc wizards
  2 centaur skeletons
  3 iguanas
  7 hell rats (Lair:1)
  9 worker ants
  A killer bee zombie (D:7)
  A hound zombie (D:8)
  A hound skeleton (D:8)
  A howler monkey zombie (D:5)
  A worker ant zombie (D:10)
  7 gnolls
  6 river rats (D:9)
  8 adders
  2 shadow imps
  An ooze (D:3)
  2 adder skeletons
  An adder zombie (D:7)
  2 worms
  3 dart slugs
  4 leopard geckos
  21 orcs
  6 giant cockroaches
  7 goblins
  14 hobgoblins
  4 jackals (D:8)
  8 quokkas
  11 bats
  6 frilled lizards
  22 kobolds
  A leopard gecko skeleton (D:6)
  A leopard gecko zombie (D:5)
  A quokka skeleton (D:4)
  20 rats
  8 fungi (D:9)
  3 plants (D:9)
  A withered plant (D:4)
327 creatures vanquished.

Vanquished Creatures (others)
  2 slaves (D:5)
  A gnoll sergeant (D:7)
  A howler monkey (D:7)
  An orc wizard (D:7)
  A gnoll (D:7)
  A shadow imp (D:5)
  3 fungi (D:9)
  A plant (D:9)
11 creatures vanquished.

Grand Total: 338 creatures vanquished

Notes
Turn   | Place    | Note
-------+----------+-------------------------------------------
     0 | D:1      | Kloppie the Formicid Fighter began the quest for the Orb.
     0 | D:1      | Reached XP level 1. HP: 18/18 MP: 1/1
   108 | D:1      | Reached XP level 2. HP: 19/24 MP: 2/2
   352 | D:1      | Reached XP level 3. HP: 28/30 MP: 3/3
   573 | D:1      | Reached skill level 3 in Axes
  1032 | D:2      | Reached XP level 4. HP: 37/37 MP: 4/4
  1244 | D:2      | Found an iron altar of Okawaru.
  1435 | D:2      | Became a worshipper of Warmaster Okawaru
  1650 | D:3      | Found a faded altar of an unknown god.
  1650 | D:3      | Found a faded altar of an unknown god.
  1655 | D:3      | Found a stormy altar of Qazlal.
  1657 | D:3      | Found a faded altar of an unknown god.
  1659 | D:3      | Found a faded altar of an unknown god.
  2233 | D:3      | Found an iron altar of Okawaru.
  2357 | D:3      | Gained mutation: You are resistant to hostile enchantments. (MR+) [potion of beneficial mutation]
  2418 | D:4      | Reached XP level 5. HP: 42/43 MP: 5/5
  2528 | D:4      | Reached skill level 5 in Fighting
  2528 | D:4      | Reached skill level 4 in Axes
  2534 | D:4      | Reached XP level 6. HP: 34/51 MP: 6/6
  2552 | D:4      | Found a deep blue altar of Sif Muna.
  2738 | D:4      | Noticed an ogre
  2756 | D:4      | Gained mutation: You possess an exceptional clarity of mind. [potion of beneficial mutation]
  2760 | D:4      | Killed an ogre
  2760 | D:4      | Reached * piety under Okawaru
  2923 | D:4      | Found an ancient bone altar of Kikubaaqudgha.
  3215 | D:5      | Entered Level 5 of the Dungeon
  3235 | D:5      | Reached skill level 5 in Axes
  3237 | D:5      | Noticed a slave
  3238 | D:5      | Noticed Pikel
  3243 | D:5      | Killed a slave
  3244 | D:5      | Noticed a slave
  3245 | D:5      | Noticed a slave
  3246 | D:5      | Killed Pikel
  3246 | D:5      | Reached ** piety under Okawaru
  3246 | D:5      | Reached skill level 6 in Axes
  3246 | D:5      | Reached XP level 7. HP: 50/60 MP: 7/7
  3246 | D:5      | Reached XP level 8. HP: 56/67 MP: 8/8
  3294 | D:5      | Found a radiant altar of Vehumet.
  3782 | D:5      | Found a staircase to the Ecumenical Temple.
  3820 | D:5      | Reached skill level 7 in Axes
  3963 | D:5      | Noticed Menkaure
  3964 | D:5      | Noticed Edmund
  3974 | D:5      | You fall through a shaft for 2 floors!
  4190 | D:6      | Reached *** piety under Okawaru
  4190 | D:6      | Reached skill level 5 in Armour
  4429 | D:6      | Noticed Jovan's ghost (novice HuFi)
  4507 | D:6      | Killed Jovan's ghost
  4507 | D:6      | Reached skill level 8 in Axes
  4507 | D:6      | Reached XP level 9. HP: 64/72 MP: 6/9
  4583 | D:6      | Got a bone flail
  4584 | D:6      | Identified the cursed +0 flail "Earthworm" {crush, Dex+2} (You found it on level 6 of the Dungeon)
  4641 | D:6      | Reached **** piety under Okawaru
  4671 | D:6      | Found an opulent altar of Gozag.
  4745 | D:6      | Found a basalt altar of Yredelemnul.
  4754 | D:6      | Found a glowing golden altar of the Shining One.
  4879 | D:6      | Reached skill level 9 in Axes
  4904 | D:6      | Got a jewelled double sword
  4905 | D:6      | Identified the +3 double sword of Kaeloh {venom, *Noise MP+9 Int+6 SInv} (You found it on level 6 of the Dungeon)
  5167 | D:5      | Killed Menkaure
  5426 | D:7      | Reached XP level 10. HP: 76/79 MP: 10/10
  5906 | D:7      | Found a shimmering altar of Xom.
  5927 | D:7      | Reached skill level 10 in Axes
  6035 | D:7      | Reached ***** piety under Okawaru
  6132 | D:8      | Noticed Kloppie's ghost (novice FoBe)
  6149 | D:8      | Killed Kloppie's ghost
  6174 | D:8      | Found a radiant altar of Vehumet.
  6251 | D:8      | Got a bronze chain mail
  6262 | D:8      | Identified the cursed +0 chain mail "Daazxihiry" {MR+} (You found it on level 8 of the Dungeon)
  6593 | D:9      | Found a staircase to the Orcish Mines.
  6634 | D:9      | Received a gift from Okawaru
  6635 | D:9      | Got a pair of spiked boots {god gift}
  6722 | D:8      | Identified the +5 pair of boots "Kaewub" {*Slow Int+4 Stlth+} (Okawaru gifted it to you on level 9 of the Dungeon)
  6800 | D:9      | Reached skill level 11 in Axes
  6852 | D:9      | Reached XP level 11. HP: 71/87 MP: 11/11
  7064 | D:9      | Noticed Tagedieb's ghost (novice KoAs)
  7093 | D:9      | Killed Tagedieb's ghost
  7100 | D:9      | Found a staircase to the Lair.
  7199 | D:9      | Found a white marble altar of Elyvilon.
  7338 | D:9      | Reached skill level 12 in Axes
  7389 | D:9      | Found a sacrificial altar of Ru.
  7390 | D:9      | Found a bloodstained altar of Trog.
  7491 | D:10     | Entered Level 10 of the Dungeon
  7583 | D:10     | Found a sparkling altar of Nemelex Xobeh.
  7974 | D:10     | Noticed a hill giant
  7977 | D:10     | Noticed a hill giant
  7993 | D:10     | Killed a hill giant
  8000 | D:10     | Killed a hill giant
  8270 | D:10     | Received a gift from Okawaru
  8270 | D:10     | Reached XP level 12. HP: 44/94 MP: 12/12
  8546 | D:10     | Noticed a soul eater
  8584 | D:11     | Found a labyrinth entrance.
  8633 | Lab      | Entered a labyrinth
  8820 | Lab      | Reached skill level 13 in Axes
  8875 | Lab      | Noticed a minotaur
  8887 | Lab      | Killed a minotaur
  8892 | Lab      | Got an iridescent arbalest
  8978 | D:11     | Reached skill level 10 in Fighting
  9304 | D:11     | Noticed a five-headed hydra
  9523 | Lair:1   | Entered Level 1 of the Lair of Beasts
  9631 | Lair:1   | Noticed an eight-headed hydra
  9647 | Lair:1   | HP: 4/145 [eight-headed hydra (7)]
  9647 | Lair:1   | Mangled by an eight-headed hydra

Skill      XL: |  1  2  3  4  5  6  7  8  9 10 11 12 |
---------------+-------------------------------------+-----
Axes           | 3 4 6 8 9 11 12 13 | 13.6
Fighting       | 4 5 7 8 10 | 10.1
Armour         | 5 6 9 |  9.7
Shields        | 6 7 9 |  9.0

Action                   |  1- 3 |  4- 6 |  7- 9 | 10-12 || total
-------------------------+-------+-------+-------+-------++-------
Melee: War axe           |   127 |   168 |   199 |   595 ||  1089
       Battleaxe         |       |       |       |    86 ||    86
       Flail             |       |       |       |     8 ||     8
Invok: Heroism           |       |       |     2 |     5 ||     7
 Abil: Shaft Self        |       |       |     1 |       ||     1
Evoke: Wand              |       |       |     1 |       ||     1
  Use: Potion            |       |    14 |     3 |     3 ||    20
       Scroll            |       |    10 |     6 |    10 ||    26
  Eat: Chunk             |     1 |     7 |     7 |    16 ||    31
       Royal jelly       |       |       |       |     1 ||     1
Armor: Scale mail        |    57 |    70 |       |       ||   127
       Chain mail        |       |     9 |    88 |   351 ||   448
       Skin              |       |       |       |     2 ||     2
Dodge: Dodged            |    51 |    50 |    51 |   213 ||   365
Block: Shield            |    74 |    86 |   108 |   477 ||   745
